 Dungeon Crawl Stone Soup version 0.30-a0-883-g5ad918d77d (webtiles) character file.

Game seed: 514660230634159215

374444 NinjaNoafa the Acrobat (level 23, -6/201 HPs)
             Began as a Djinni Conjurer on Mar 15, 2023.
             Was a High Priest of Ashenzari.
             Shot with a bolt by a yaktaur captain (27 damage)
             ... on level 5 of the Vaults on Mar 16, 2023.
             The game lasted 03:04:19 (34099 turns).

NinjaNoafa the Acrobat (Djinni Conjurer)           Turns: 34099, Time: 03:04:19

Health: -6/201     AC: 20    Str:  6    XL:     23   Next: 80%
Gold:   1259       EV: 27    Int: 29    God:    Ashenzari [*****.] SH: 19 Dex: 17

rFire   + . .      SeeInvis +    a - staff of conjuration
rCold   + . .      Faith    .    t - +4 kite shield of the Cosmic Augur {rC+, Self, Cun} (curse)
rNeg    . . .      Spirit   .    N - +4 troll leather armour of the Circumscribed Omen {Regen+, Self, Cun} (curse)
rPois   ∞          Reflect  .    g - +2 helmet of Ashenzari's Dogma {SInv, Self, Cun} (curse)
rElec   .          Rampage  .    S - +2 cloak of Curses and Power {Will+, Cun, Self} (curse)
rCorr   +          Archmagi +    s - +0 pair of gloves of Ashenzari's Mutualism {Fort, Self} (curse)
Will    ++++.      Clarity  +    (boots unavailable)
Stlth   +++                      r - amulet of the Bound Cosmos {Regen+, Self, Evo} (curse)
HPRegen 2.13/turn                L - ring of the Mage {Wiz Archmagi}
MPRegen 0.00/turn                p - ring "All-seeing Atheism" {Ice rPois Will+ rCorr Dex+3, Fort, Cun} (curse)

@: flying, studying 2 skills
A: sickness immunity, fire resistance 2, cold vulnerability 1, float, innate
caster, HP casting, extra vitality 1
}: 2/15 runes: decaying, serpentine
a: Renounce Religion, Curse Item, Shatter the Chains


You were on level 5 of the Vaults.
You worshipped Ashenzari.
Ashenzari was extremely pleased with you.
You visited 8 branches of the dungeon, and saw 39 of its levels.
You visited 3 bazaars.
You also visited: Ice Cave.

You collected 5502 gold pieces.
You spent 4243 gold pieces at shops.

Inventory:

Missiles
 F - 2 throwing nets
 R - 5 silver javelins
Armour
 g - the cursed +2 helmet of Ashenzari's Dogma (worn) {SInv, Self, Cun}
   (You bought it in a shop on level 2 of the Orcish Mines)

   It has a curse which improves the following skills: Introspection: Fighting
   and Spellcasting.
   Cunning:   Dodging and Stealth.
 s - the cursed +0 pair of gloves of Ashenzari's Mutualism (worn) {Fort, Self}
   (You found it on level 5 of the Dungeon)

   It has a curse which improves the following skills: Fortitude: Armour and
   Shields.
   Introspection: Fighting and Spellcasting.
 t - the cursed +4 kite shield of the Cosmic Augur (worn) {rC+, Self, Cun}
   (You found it in an ice cave)

   It has a curse which improves the following skills: Introspection: Fighting
   and Spellcasting.
   Cunning:   Dodging and Stealth.
 N - the cursed +4 troll leather armour of the Circumscribed Omen (worn) {Regen+, Self, Cun}
   (You found it on level 1 of the Orcish Mines)

   Regen:     It increases your rate of health regeneration.
   It has a curse which improves the following skills: Introspection: Fighting
   and Spellcasting.
   Cunning:   Dodging and Stealth.
 S - the cursed +2 cloak of Curses and Power (worn) {Will+, Cun, Self}
   (You took it off Maurice on level 12 of the Dungeon)

   It has a curse which improves the following skills: Cunning: Dodging and
   Stealth.
   Introspection: Fighting and Spellcasting.
Magical Staves
 a - a staff of conjuration (weapon)
 i - a staff of earth
 D - a staff of fire
Jewellery
 f - the ring "Pakkusm" {rElec rPois rF- EV+5 Stlth-}
   (You found it on level 2 of the Vaults)

   [ring of evasion]

   EV:        It affects your evasion (+5).
   rF:        It makes you vulnerable to fire.
   rElec:     It insulates you from electricity.
   rPois:     It protects you from poison.
   Stlth:     It makes you less stealthy.
 p - the cursed ring "All-seeing Atheism" (right hand) {Ice rPois Will+ rCorr Dex+3, Fort, Cun}
   (You acquired it on level 5 of the Dungeon)

   [ring of ice]

   It enhances your ice magic.
   Dex:       It affects your dexterity (+3).
   rF:        It makes you vulnerable to fire.
   rC:        It protects you from cold.
   rPois:     It protects you from poison.
   rCorr:     It protects you from acid and corrosion.
   Will:      It increases your willpower.
   It has a curse which improves the following skills: Fortitude: Armour and
   Shields.
   Cunning:   Dodging and Stealth.
 r - the cursed amulet of the Bound Cosmos (around neck) {Regen+, Self, Evo}
   (You found it on level 5 of the Dungeon)

   [amulet of regeneration]

   Regen:     It increases your rate of health regeneration.
   It has a curse which improves the following skills: Introspection: Fighting
   and Spellcasting.
   Evocations: Evocations.
 A - a +6 ring of intelligence
 L - the ring of the Mage (left hand) {Wiz Archmagi}
   (You took it off a necromancer on level 5 of the Lair of Beasts)

   [ring of wizardry]

   It improves your spell success rate.
   Archmagi:  It increases the power of your magical spells.
Wands
 h - a wand of mindburst (6)
 u - a wand of paralysis (15)
 x - a wand of digging (5)
 y - a wand of flame (39)
 C - a wand of roots (43)
 E - a wand of light (21)
 K - a wand of polymorph (13)
Scrolls
 e - 18 scrolls of teleportation
 j - 8 scrolls of magic mapping
 k - 10 scrolls of fear
 m - 2 scrolls of enchant armour
 w - 12 scrolls of blinking
 z - 7 scrolls of poison
 B - 7 scrolls of fog
 G - 11 scrolls of vulnerability
 H - a scroll of torment
 I - 2 scrolls of silence
 O - 8 scrolls of immolation
 P - 4 scrolls of summoning
Potions
 b - 11 potions of brilliance
 c - 6 potions of resistance
 d - 2 potions of cancellation
 l - 21 potions of curing
 n - 10 potions of lignification
 o - 7 potions of might
 q - 8 potions of haste
 v - 9 potions of attraction
 J - 4 potions of heal wounds
 M - 3 potions of invisibility
 T - 5 potions of berserk rage
 U - 4 potions of mutation
 W - 2 potions of ambrosia
Miscellaneous
 Q - a box of beasts
 V - a tin of tremorstones (2/2)
 X - a phial of floods
 Y - a phantom mirror
 Z - a condenser vane


   Skills:
 + Level 20.8(27) Fighting
 - Level 12.6(16.0) Armour
 - Level 21.0(27) Dodging
 - Level 1.5(5.4) Stealth
 - Level 14.6(18.0) Shields
 - Level 14.8(22.0) Spellcasting
 - Level 13.7(16.0) Evocations


You knew the following spells:

 Your Spells              Type           Power      Damage    Failure   Level
a - Freezing Cloud        Conj/Ice/Air   88%        6-21      0%          5
b - Enfeeble              Hex            63%        N/A       1%          7
c - Storm Form            Tmut/Air       63%        N/A       1%          7
d - Fulminant Prism       Conj/Hex       75%        3d31      0%          4
e - Dispersal             Tloc           63%        N/A       1%          6
f - Orb of Destruction    Conj           75%        9d17      1%          7
g - Iskenderun's Mystic   Conj/Tloc      100%       2d19      0%          4
h - Call Canine Familiar  Summ           100%       N/A       0%          3
i - Teleport Other        Tloc           100%       N/A       0%          3
j - Magic Dart            Conj           100%       1d8       0%          1
k - Searing Ray           Conj           100%       2d8       0%          2
l - Necrotise             Necr           100%       1d9       0%          1
m - Starburst             Conj/Fire      75%        6d19      1%          6
n - Poisonous Vapours     Pois/Air       100%       N/A       0%          2
o - Lightning Bolt        Conj/Air       75%        1d101     0%          5
p - Dazzling Flash        Conj/Hex       100%       N/A       0%          3
Your spell library was empty.

Dungeon Overview and Level Annotations

Branches:
Dungeon (15/15)            Temple (1/1) D:6            Lair (5/5) D:9
  Swamp (4/4) Lair:2        Snake (4/4) Lair:2        Slime (0/5) Lair:4
    Orc (2/2) D:10            Elf (3/3) Orc:2        Vaults (5/5) D:14
  Crypt (0/3) Vaults:2     Depths (0/4) D:15          IceCv (visited)

Altars:
Ashenzari
Cheibriados
Dithmenos
Elyvilon
Fedhas
Gozag
Hepliaklqana
Makhleb
Nemelex Xobeh
Okawaru
Qazlal
Ru
Trog
Uskayaw
Wu Jian
Xom
Yredelemnul
Zin
The Shining One
Jiyva

Shops:
D:12 [   Orc:2 :?[(   Elf:1 [   Elf:2 ((*=   Snake:1 !   Snake:2 :=:
Snake:3 ([

Annotations:
Snake:4 Vashnia


Innate Abilities, Weirdness & Mutations

You are immune to sickness and miasma.
You are immune to poison.
Your flesh is very heat resistant. (rF++)
You are vulnerable to cold. (rC-)
You float through the air rather than walking.
You learn spells naturally, not from books.
Your magical power is your life essence.
You have superior vitality. (+4 MHP)


Message History

The sphinx is almost dead.
The bolt of fire hits the vault guard!!!
You kill the vault guard!
An ironbound preserver comes into view. It is wielding a +0 flail.
A vault warden comes into view. It is wielding a +2 great mace.
The yaktaur captain is engulfed in freezing vapours.
The yaktaur captain shoots a bolt.
The bolt hits you!
* * * LOW HITPOINT WARNING * * *
The yaktaur is engulfed in freezing vapours. x2
Casting: Starburst (safe; 1% risk of failure)
Confirm with . or Enter, or press ? or * to list all spells.
Aiming: Orb of Destruction (mildly dangerous; 1% risk of failure)
Press: ? - help, Shift-Dir - straight line, f - deep troll
Aim: a deep troll (almost dead)
You feel a strong surge of power!
* * * LOW HITPOINT WARNING * * *
The sphinx casts a spell.
Something smites you!
* * * LOW HITPOINT WARNING * * *
An iron troll comes into view.
You block the deep troll's attack. x2
The deep troll claws you but does no damage.
A tentacled monstrosity comes into view.
The yaktaur captain is engulfed in freezing vapours.
The yaktaur captain shoots a bolt.
The bolt hits you!!
* * * LOW HITPOINT WARNING * * *
The yaktaur is engulfed in freezing vapours.
The yaktaur shoots a bolt.
The bolt completely misses you.
The orb of destruction hits the sphinx!!!!
You blow up the sphinx!
A deep troll shaman comes into view.
A deep troll comes into view.
You block the deep troll's attack. The deep troll closely misses you.
The deep troll barely misses you.
The yaktaur shoots a bolt.
The bolt hits you!!
* * * LOW HITPOINT WARNING * * *
The yaktaur shoots a bolt.
The bolt hits you!
* * * LOW HITPOINT WARNING * * *
The yaktaur captain is engulfed in freezing vapours.
The yaktaur captain shoots a bolt.
The bolt hits you!!
You die...

**,*,*,*,#....#,#,..}...!.,,, **
**,,,*..,*#.T..#...#*,*#..#*,*
,***,*,*.#.#.#..T.#.#.##.**,,**,*
,,*,,,*,..#..#§.§.#)....,,,,,,,,,
,*,*,*,*,#.#.#§§§p#÷#.#.#,*,*,*,*
*,,,*,,,*.....§§.......,,{{{,,,,,
*******#####....[[..#############
,,,,,,,......(..T)......[........
,,,,,,,......☼○○@)....[..........
,,,,,,,.......<÷)<.....[[[.(.....
,,,,,,,........<<.c..............
*******#####.....cc§#############
**,,,,,,* *#$.....§§§T..,,,,,,,',
*,,*,,,,**#..#....#§§p..,,,,,,***
,,,**,,,*#...#.!..#..X...,,,,**∆*
,,,***,,#....#....#....T.,,,**∆∆∆
,,,****,.....#....#......,***,{,,


You could see a tentacled monstrosity, an ironbound preserver, an iron troll, a
yaktaur captain, a vault guard, 3 deep trolls, a deep troll shaman (wandering)
and 2 yaktaurs.

Vanquished Creatures
  A dread lich (Vaults:5)
  Saint Roka (Snake:4)
  Bai Suzhen (Swamp:3)
  Jory (Vaults:4)
  Nikola (Swamp:1)
  Rupert (Lair:4)
  2 liches
  2 tentacled monstrosities (Vaults:5)
  3 deep elf blademasters
  2 deep elf master archers (Elf:3)
  2 quicksilver dragons (Snake:4)
  2 titans (Vaults:5)
  Frances (D:12)
  2 storm dragons
  A sphinx (Vaults:5)
  6 thorn hunters
  Donald (Elf:2)
  Roxanne (Snake:4)
  3 shadow dragons
  A fenstrider witch (Swamp:3)
  2 azure jellies (Swamp:4)
  8 nagarajas
  2 frost giants (Vaults:5)
  12 vault wardens
  5 deep elf sorcerers
  Aizul (Swamp:2)
  14 ironbound preservers
  6 deep elf elementalists (Elf:3)
  An orc warlord (Vaults:4)
  11 very ugly things
  7 ironbound thunderhulks
  A war gargoyle (Vaults:5)
  6 deep elf demonologists
  6 bunyips
  6 stone giants
  3 eleionomae
  8 deep elf annihilators
  5 dire elephants (Lair:5)
  Azrael (Snake:1)
  2 blizzard demons (IceCv)
  2 ettins
  Snorg (Orc:1)
  3 deep elf high priests
  5 deep elf death magi
  3 shambling mangroves
  6 yaktaur captains
  4 great orbs of eyes
  22 vault guards
  4 ice dragons
  15 hydras
  3 ogre magi
  4 salamander tyrants (Snake:4)
  3 ghost crabs
  3 catoblepae
  14 ironbound frosthearts
  4 alligators
  14 two-headed ogres
  7 anacondas
  19 centaur warriors
  5 boulder beetles
  15 naga warriors
  A two-headed ogre (shapeshifter) (Vaults:5)
  3 death yaks (Lair:5)
  A death knight (D:14)
  A deep troll earth mage (Vaults:5)
  27 dancing weapons
  9 shock serpents
  A vampire mage (D:15)
  12 naga sharpshooters
  16 deep elf knights
  A shock serpent (shapeshifter) (Vaults:5)
  5 spriggans
  A hell knight (Vaults:5)
  The ghost of patfeehan111222 the Protected, a novice MiBe of Trog (D:7)
  A skyshark (Lair:3)
  3 spectral death yaks (Lair:5)
  3 spriggan druids (Swamp:4)
  5 salamander mystics
  2 goliath frogs
  6 skeletal warriors (D:15)
  38 deep trolls
  A spectral anaconda (Lair:5)
  12 spriggan simulacra (IceCv)
  2 swamp dragons (Swamp:3)
  Pikel (D:7)
  8 naga ritualists
  2 obsidian statues
  2 sea snakes (Snake:1)
  4 necromancers
  10 deep elf archers
  3 bog bodies
  8 ironbound convokers
  A sphinx zombie (D:15)
  2 orc knights (Vaults:4)
  24 deep elf pyromancers
  3 wizards
  2 harpies (Vaults:2)
  5 lindwurms
  A mana viper (shapeshifter) (Vaults:5)
  3 orc sorcerers
  A fire giant zombie (D:15)
  25 ugly things
  9 cyclopes
  2 oklob plants (Swamp:2)
  31 deep elf zephyrmancers
  7 mana vipers
  12 salamanders
  An iron dragon zombie (D:15)
  5 manticores
  5 will-o-the-wisps
  A moth of wrath (D:7)
  21 elephants
  A frost giant skeleton (D:15)
  10 naga magi
  Maurice (D:12)
  11 vault sentinels
  32 black mambas
  9 guardian serpents
  9 cane toads
  2 gargoyles
  2 unseen horrors (D:11)
  An efreet (D:15)
  38 yaktaurs
  8 freezing wraiths
  8 komodo dragons
  A tengu conjurer (D:13)
  A kobold demonologist (D:11)
  5 rime drakes
  2 golden dragon simulacra (IceCv)
  2 ice devils (IceCv)
  2 anaconda simulacra (IceCv)
  2 polar bears
  A wolf spider simulacrum (D:14)
  9 tyrant leeches
  11 hornets
  A spectral lindwurm (Lair:2)
  2 bloated husks (Swamp:2)
  18 trolls
  9 blink frogs
  A spectral elephant (Lair:5)
  A spectral black mamba (Lair:2)
  26 slime creatures
  A centaur simulacrum (D:15)
  A vampire (D:11)
  A shadow (D:10)
  3 wraiths
  5 water elementals
  4 air elementals
  5 wyverns
  5 dire elephant simulacra (IceCv)
  35 yaks
  2 steam dragons
  A fire elemental (Snake:1)
  4 basilisks
  3 humans (D:6)
  Grum (D:11)
  2 swamp worm simulacra (Swamp:4)
  7 vampire mosquitoes
  7 minotaur simulacra (IceCv)
  A death yak simulacrum (Lair:5)
  A spectral komodo dragon (Lair:2)
  Menkaure (D:7)
  55 nagas
  15 hydra simulacra (Swamp:4)
  14 swamp worms
  5 hell hounds (Snake:1)
  5 acid dragons
  A floating eye (shapeshifter) (D:14)
  12 water moccasins
  3 ice beasts
  A swamp drake (Swamp:2)
  5 black bears
  9 orc warriors
  2 ettin simulacra (IceCv)
  An alligator simulacrum (IceCv)
  9 wolves
  23 ogres
  16 centaurs
  2 kobold brigands
  3 lemures (D:7)
  A phantom (D:4)
  5 bullfrogs
  A gnoll sergeant (D:11)
  5 scorpions
  10 deep troll simulacra (IceCv)
  A spectral water moccasin (Lair:2)
  A cane toad simulacrum (Lair:5)
  A scorpion (shapeshifter) (D:15)
  4 wights (D:9)
  19 killer bees
  2 lindwurm simulacra (IceCv)
  An elephant simulacrum (Lair:5)
  11 howler monkeys
  13 electric eels
  3 vampire bats (D:7)
  2 hounds
  A jelly (D:6)
  19 orc priests
  An iguana (D:5)
  14 orc wizards
  12 adders
  A white imp (D:7)
  6 swamp drake simulacra (Swamp:4)
  A dart slug (D:2)
  38 orcs
  6 endoplasms
  6 giant cockroaches
  10 goblins
  4 hobgoblins
  7 jackals
  4 quokkas
  3 ball pythons
  15 bats
  A frilled lizard (D:1)
  15 kobolds
  5 rats
  11 briar patches (Swamp:2)
  A plant (Snake:4)
1407 creatures vanquished.

Vanquished Creatures (collateral kills)
  An ironbound frostheart (Vaults:4)
  2 vault guards
  2 yaks
  3 humans (D:6)
  A wraith (D:10)
  A vampire mosquito (D:14)
  A steam dragon (D:8)
  An acid dragon (D:6)
  An ogre (D:5)
  A phantom (D:7)
  An orc priest (D:5)
  2 hounds (D:6)
  A sleepcap (D:4)
  2 iguanas (D:6)
  An orc wizard (D:5)
  An adder (D:4)
  2 orcs (D:5)
  A kobold (D:4)
  A rat (D:3)
26 creatures vanquished.

Vanquished Creatures (others)
  A deep troll (Vaults:2)
  2 will-o-the-wisps
  A yaktaur (Vaults:1)
  An unseen horror (D:11)
  16 foxfires
  25 fulminant prisms
  48 fungi
  56 plants
  36 withered plants
186 creatures vanquished.

Grand Total: 1619 creatures vanquished

Notes
Turn   | Place    | Note
-------+----------+-------------------------------------------
     0 | D:1      | NinjaNoafa the Djinni Conjurer began the quest for the Orb.
     0 | D:1      | NinjaNoafa set off with the following spells memorised:
                  | Magic Dart, Searing Ray, Dazzling Flash, Fulminant Prism,
                  | Iskenderun's Mystic Blast.
     0 | D:1      | Reached XP level 1. HP: 15/15 MP: 0/0
    86 | D:1      | Reached XP level 2. HP: 16/22 MP: 0/0
   304 | D:1      | Reached skill level 1 in Fighting
   355 | D:1      | Reached XP level 3. HP: 14/27 MP: 0/0
   355 | D:1      | Learned a level 1 spell: Necrotise
   788 | D:2      | Reached XP level 4. HP: 7/33 MP: 0/0
   792 | D:2      | Reached XP level 5. HP: 4/38 MP: 0/0
   792 | D:2      | Learned a level 2 spell: Poisonous Vapours
  1451 | D:2      | Found a shadowy altar of Dithmenos.
  1468 | D:2      | Reached XP level 6. HP: 33/45 MP: 0/0
  2327 | D:4      | Noticed an ogre
  2339 | D:4      | Killed an ogre
  2340 | D:4      | Reached skill level 5 in Spellcasting
  2364 | D:4      | Reached XP level 7. HP: 21/50 MP: 0/0
  2364 | D:4      | Learned a level 3 spell: Call Canine Familiar
  2540 | D:4      | Found a broken altar of Ashenzari.
  2555 | D:4      | Became a worshipper of Ashenzari the Shackled
  2669 | D:4      | Identified the +2 long sword of Untimely Demise {freeze,
                  | rCorr}
  2805 | D:4      | Reached XP level 8. HP: 37/58 MP: 0/0
  2845 | D:4      | Found a basalt altar of Yredelemnul.
  3131 | D:5      | Entered Level 5 of the Dungeon
  3301 | D:5      | Reached skill level 5 in Fighting
  3935 | D:5      | Reached * piety under Ashenzari
  3935 | D:5      | Identified a scroll of acquirement
  4314 | D:6      | Noticed a human
  4314 | D:6      | Noticed a human
  4314 | D:6      | Noticed a human
  4315 | D:6      | Noticed a human
  4334 | D:5      | Acquired the ring "Qoukinoazu" {Ice rPois Will+ rCorr
                  | Dex+3}
  4389 | D:6      | Found a staircase to the Ecumenical Temple.
  4399 | Temple   | Entered the Ecumenical Temple
  4734 | D:6      | Noticed a human
  4739 | D:6      | Killed a human
  4740 | D:6      | Reached XP level 9. HP: 60/68 MP: 0/0
  4740 | D:6      | Learned a level 3 spell: Teleport Other
  4814 | D:6      | Reached ** piety under Ashenzari
  5370 | D:7      | Reached XP level 10. HP: 78/78 MP: 0/0
  5370 | D:7      | Noticed Pikel
  5380 | D:7      | Killed Pikel
  5383 | D:7      | Reached skill level 3 in Dodging
  5392 | D:7      | Reached skill level 4 in Dodging
  5449 | D:7      | Reached *** piety under Ashenzari
  5542 | D:7      | Found a transporter.
  5554 | D:7      | Noticed patfeehan111222's ghost (novice MiBe)
  5555 | D:7      | Noticed a moth of wrath
  5616 | D:7      | Found a transporter.
  5728 | D:7      | Noticed Menkaure
  5731 | D:7      | Killed Menkaure
  5799 | D:8      | Reached skill level 5 in Dodging
  5807 | D:8      | Reached skill level 1 in Shields
  6322 | D:9      | Found a staircase to the Lair.
  6335 | D:9      | Reached skill level 6 in Dodging
  6344 | D:9      | Reached XP level 11. HP: 35/89 MP: 0/0
  6344 | D:9      | Learned a level 5 spell: Freezing Cloud
  6345 | D:9      | Reached skill level 7 in Dodging
  6366 | D:9      | Reached **** piety under Ashenzari
  6633 | D:9      | Reached skill level 10 in Fighting
  6635 | D:9      | Reached skill level 8 in Dodging
  6738 | D:9      | Noticed a two-headed ogre
  6743 | D:9      | Killed a two-headed ogre
  6879 | D:9      | Reached ***** piety under Ashenzari
  6941 | D:9      | Found a hazy altar of Hepliaklqana.
  7004 | D:10     | Entered Level 10 of the Dungeon
  7020 | D:10     | Identified the Tome of Configuration and the Serac (You
                  | found it on level 1 of the Dungeon)
  7111 | D:10     | Reached skill level 9 in Dodging
  7145 | D:10     | Found a staircase to the Orcish Mines.
  7159 | D:10     | Noticed a two-headed ogre
  7165 | D:10     | Killed a two-headed ogre
  7468 | D:7      | Killed a moth of wrath
  7469 | D:7      | Reached skill level 1 in Evocations
  7469 | D:7      | Reached XP level 12. HP: 86/103 MP: 0/0
  7471 | D:7      | Killed patfeehan111222's ghost
  7549 | Lair:1   | Entered Level 1 of the Lair of Beasts
  7625 | Lair:1   | Reached skill level 5 in Evocations
  7673 | Lair:1   | Noticed a catoblepas
  7682 | Lair:1   | Killed a catoblepas
  8322 | Lair:2   | Reached skill level 10 in Dodging
  8480 | Lair:2   | Reached skill level 11 in Dodging
  8489 | Lair:2   | Reached XP level 13. HP: 73/112 MP: 0/0
  8489 | Lair:2   | Learned a level 5 spell: Lightning Bolt
  8555 | Lair:2   | Found a staircase to the Snake Pit.
  8608 | Lair:2   | Found a staircase to the Swamp.
  8608 | Lair:2   | Noticed a ghost crab
  8615 | Lair:2   | Killed a ghost crab
  8728 | Lair:2   | Noticed a five-headed hydra
  8732 | Lair:2   | Killed a five-headed hydra
  8753 | Lair:2   | Reached skill level 12 in Dodging
  9785 | Lair:4   | Noticed Rupert
  9787 | Lair:4   | Found a viscous altar of Jiyva.
  9787 | Lair:4   | Found a staircase to the Slime Pits.
  9798 | Lair:4   | Killed Rupert
 10012 | Lair:4   | Reached skill level 15 in Fighting
 10341 | Lair:4   | Reached XP level 14. HP: 116/124 MP: 0/0
 10518 | Lair:5   | Entered Level 5 of the Lair of Beasts
 11039 | Lair:5   | Noticed a dire elephant
 11039 | Lair:5   | Noticed a dire elephant
 11039 | Lair:5   | Noticed a dire elephant
 11053 | Lair:5   | Killed a dire elephant
 11054 | Lair:5   | Noticed a dire elephant
 11074 | Lair:5   | Killed a dire elephant
 11090 | Lair:5   | Noticed a dire elephant
 11197 | Lair:5   | Killed a dire elephant
 11468 | Lair:5   | Killed a dire elephant
 11470 | Lair:5   | Killed a dire elephant
 11988 | D:11     | Reached XP level 15. HP: 102/133 MP: 0/0
 11988 | D:11     | Learned a level 6 spell: Dispersal
 12094 | Orc:1    | Entered Level 1 of the Orcish Mines
 12145 | Orc:1    | Reached skill level 13 in Dodging
 12286 | Orc:1    | Noticed Snorg
 12304 | Orc:1    | Killed Snorg
 12715 | Orc:2    | Entered Level 2 of the Orcish Mines
 12723 | Orc:2    | Reached skill level 1 in Armour
 12725 | Orc:2    | Found Doneqob's Weapon Shoppe.
 12755 | Orc:2    | Found a staircase to the Elven Halls.
 12853 | Orc:2    | Reached skill level 5 in Armour
 13040 | Orc:2    | Found Esur's Armour Shoppe.
 13041 | Orc:2    | Found Tegyke Araps's Magic Scroll Emporium.
 13057 | Orc:2    | Found Otwuopew's Assorted Antiques.
 13060 | Orc:2    | Bought a +1 helmet of see invisible for 198 gold pieces
 13075 | Orc:2    | Found Kewnoe's Book Shoppe.
 13119 | Orc:2    | Bought a scroll of immolation for 52 gold pieces
 13119 | Orc:2    | Bought a scroll of fog for 52 gold pieces
 13119 | Orc:2    | Bought a scroll of summoning for 123 gold pieces
 13119 | Orc:2    | Bought a scroll of teleportation for 39 gold pieces
 13119 | Orc:2    | Bought a scroll of fear for 52 gold pieces
 13467 | D:11     | Reached skill level 10 in Spellcasting
 13469 | D:11     | Noticed Grum
 13479 | D:11     | Killed Grum
 14134 | D:12     | Noticed Maurice
 14143 | D:12     | Killed Maurice
 14256 | D:12     | Reached XP level 16. HP: 79/142 MP: 0/0
 14650 | D:12     | Found Racokh's Specialty Armours.
 14827 | D:12     | Noticed Frances
 14831 | D:12     | Killed Frances
 15803 | D:14     | Reached skill level 10 in Evocations
 16245 | D:14     | Found a gate to the Vaults.
 16311 | D:15     | Entered Level 15 of the Dungeon
 16378 | D:15     | Found a staircase to the Depths.
 16539 | D:15     | Found a shadowy altar of Dithmenos.
 16816 | D:15     | Reached skill level 14 in Dodging
 17242 | Swamp:1  | Entered Level 1 of the Swamp
 17295 | Snake:1  | Entered Level 1 of the Snake Pit
 17369 | Snake:1  | Found a frozen archway.
 17392 | Snake:1  | Reached XP level 17. HP: 125/154 MP: 0/0
 17392 | Snake:1  | Learned a level 7 spell: Orb of Destruction
 17398 | IceCv    | Entered an ice cave
 17776 | IceCv    | Reached skill level 5 in Shields
 18159 | Snake:1  | Acquired 1147 gold pieces
 18292 | Snake:1  | Noticed Azrael
 18299 | Snake:1  | Killed Azrael
 18557 | Snake:1  | Identified the Spellbook of Bombardment
 18589 | Snake:1  | Identified the +9 flail "Pasch" {holy, rF+}
 18614 | Snake:1  | Found Qasaeguakk's Distillery.
 18621 | Snake:1  | Bought a potion of heal wounds for 90 gold pieces
 18621 | Snake:1  | Bought a potion of heal wounds for 90 gold pieces
 18621 | Snake:1  | Bought a potion of might for 72 gold pieces
 18621 | Snake:1  | Bought a potion of resistance for 180 gold pieces
 18621 | Snake:1  | Bought a potion of might for 72 gold pieces
 18621 | Snake:1  | Bought a potion of ambrosia for 144 gold pieces
 19266 | Snake:2  | Found Cixki's Book Emporium.
 19267 | Snake:2  | Found Lahur's Jewellery Boutique.
 19268 | Snake:2  | Found Pomacyk's Book Emporium.
 19683 | Snake:3  | Found a flickering gateway to a bazaar.
 19719 | Bazaar   | Entered a bazaar
 19733 | Bazaar   | Found Ceer's Jewellery Emporium.
 19749 | Bazaar   | Found Caynan's Assorted Antiques.
 19754 | Bazaar   | Bought a scroll of immolation for 116 gold pieces
 19765 | Bazaar   | Found Tocw's General Store.
 19765 | Bazaar   | Found Zishionapn's Book Shoppe.
 19787 | Bazaar   | Found Xani's Book Emporium.
 19787 | Bazaar   | Found Sagaaq's Magic Scroll Shoppe.
 19833 | Bazaar   | Bought a scroll of immolation for 48 gold pieces
 19833 | Bazaar   | Bought a scroll of teleportation for 36 gold pieces
 19833 | Bazaar   | Bought a condenser vane for 480 gold pieces
 19833 | Bazaar   | Bought a potion of lignification for 36 gold pieces
 19847 | Bazaar   | Bought a scroll of silence for 133 gold pieces
 19847 | Bazaar   | Bought a scroll of blinking for 105 gold pieces
 19847 | Bazaar   | Bought a scroll of enchant armour for 105 gold pieces
 19847 | Bazaar   | Bought a scroll of poison for 56 gold pieces
 19847 | Bazaar   | Bought a scroll of poison for 56 gold pieces
 19854 | Bazaar   | Bought a scroll of enchant armour for 105 gold pieces
 20109 | Snake:3  | Found Boilutox's Armour Boutique.
 20109 | Snake:3  | Found Xeulutou's Weapon Shop.
 20128 | Snake:3  | Reached XP level 18. HP: 111/158 MP: 0/0
 20163 | Snake:3  | Reached skill level 10 in Shields
 20630 | Snake:4  | Entered Level 4 of the Snake Pit
 20801 | Swamp:1  | Noticed Nikola
 20819 | Swamp:1  | Killed Nikola
 21679 | Swamp:2  | Noticed Aizul
 21710 | Swamp:2  | Killed Aizul
 22016 | Swamp:3  | Noticed Bai Suzhen
 22031 | Swamp:3  | Killed Bai Suzhen
 22032 | Swamp:3  | Reached skill level 15 in Dodging
 22515 | Swamp:3  | Reached XP level 19. HP: 162/171 MP: 0/0
 22515 | Swamp:3  | Learned a level 6 spell: Starburst
 22967 | Snake:4  | Noticed Roxanne
 22978 | Snake:4  | Reached skill level 16 in Dodging
 22987 | Snake:4  | Killed Roxanne
 23117 | Snake:4  | Identified the +1 hand axe "Taar" {flame, Fly Stlth+}
 23153 | Snake:4  | Noticed Vashnia
 23302 | Snake:4  | Reached skill level 17 in Dodging
 23484 | Snake:4  | Noticed Saint Roka
 23497 | Snake:4  | Killed Saint Roka
 23937 | Snake:4  | Got a serpentine rune of Zot
 24498 | Swamp:4  | Entered Level 4 of the Swamp
 24657 | Swamp:4  | Reached XP level 20. HP: 141/178 MP: 0/0
 25197 | Swamp:4  | Got a decaying rune of Zot
 26393 | Vaults:1 | Entered Level 1 of the Vaults
 26796 | Vaults:1 | Reached skill level 18 in Dodging
 27958 | Vaults:2 | Found a flickering gateway to a bazaar.
 27970 | Bazaar   | Entered a bazaar
 27976 | Bazaar   | Found Hyis's Jewellery Shop.
 27976 | Bazaar   | Found Fiwuucwe's Magic Scroll Boutique.
 27986 | Bazaar   | Bought a scroll of magic mapping for 105 gold pieces
 27986 | Bazaar   | Bought a scroll of vulnerability for 56 gold pieces
 27986 | Bazaar   | Bought a scroll of immolation for 56 gold pieces
 27986 | Bazaar   | Bought a scroll of teleportation for 42 gold pieces
 27986 | Bazaar   | Bought a scroll of fog for 56 gold pieces
 27986 | Bazaar   | Bought a scroll of vulnerability for 56 gold pieces
 28147 | Vaults:2 | Identified the ring "Pakkusm" {rElec rPois rF- EV+5 Stlth-}
 28436 | Vaults:2 | Reached XP level 21. HP: 137/187 MP: 0/0
 28436 | Vaults:2 | Learned a level 7 spell: Enfeeble
 28723 | Vaults:2 | Found a staircase to the Crypt.
 28723 | Vaults:2 | Found a basalt altar of Yredelemnul.
 28875 | Vaults:3 | Found a flickering gateway to a bazaar.
 28888 | Bazaar   | Entered a bazaar
 28888 | Bazaar   | Found Idar's Assorted Antiques.
 28888 | Bazaar   | Found Gietucve's Assorted Antiques.
 28890 | Bazaar   | Found Suweron's Weapon Shoppe.
 28896 | Bazaar   | Bought a scroll of fog for 72 gold pieces
 28896 | Bazaar   | Bought a potion of haste for 180 gold pieces
 28896 | Bazaar   | Bought a scroll of summoning for 171 gold pieces
 28906 | Bazaar   | Found Zikhloink's Antique Armour Emporium.
 28910 | Bazaar   | Bought a scroll of fear for 84 gold pieces
 28910 | Bazaar   | Bought a potion of heal wounds for 105 gold pieces
 28910 | Bazaar   | Bought a potion of resistance for 210 gold pieces
 28910 | Bazaar   | Bought a scroll of teleportation for 63 gold pieces
 28910 | Bazaar   | Bought a scroll of blinking for 157 gold pieces
 28910 | Bazaar   | Bought a scroll of fog for 84 gold pieces
 28957 | Vaults:3 | Reached skill level 10 in Armour
 29557 | Vaults:4 | Identified the +1 leather armour of Ytounenk {rPois Will-
                  | Str+3}
 30251 | Elf:1    | Entered Level 1 of the Elven Halls
 30312 | Elf:1    | Paralysed by an air elemental for 1 turns
 30419 | Elf:1    | Found Ruhoso Saiv's Antique Armour Shop.
 30820 | Elf:1    | Reached XP level 22. HP: 183/191 MP: 0/0
 30958 | Elf:2    | Found a runed translucent gate.
 31244 | Elf:2    | Found Azevir's Assorted Antiques.
 31249 | Elf:2    | Found Alips's Antique Weapon Boutique.
 31250 | Elf:2    | Found Wenkompe's Antique Weapon Boutique.
 31252 | Elf:2    | Found Opat Its's Jewellery Boutique.
 31255 | Elf:2    | Reached skill level 19 in Dodging
 31269 | Elf:2    | Bought a potion of attraction for 102 gold pieces
 31269 | Elf:2    | Bought a potion of curing for 102 gold pieces
 31269 | Elf:2    | Bought a potion of lignification for 102 gold pieces
 31318 | Elf:2    | Found a runed translucent gate.
 31318 | Elf:2    | Found a runed translucent gate.
 31347 | Elf:2    | Noticed Donald
 31358 | Elf:2    | Killed Donald
 31737 | Elf:3    | Entered Level 3 of the Elven Halls
 32116 | Elf:3    | Identified the +5 flail of Naroc {vamp, rF- Will+++ Str+4
                  | Dex-5}
 32210 | Elf:3    | Identified the +2 dagger "Uhoguede" {heavy, +Blink Will+}
 32222 | Elf:3    | Reached skill level 20 in Dodging
 32358 | Elf:3    | Identified the Excursus on Shadowy Enchantment
 32368 | Elf:3    | Identified the Grimoire of Fetching Adjuration
 32374 | Elf:3    | Identified the +8 short sword "Demuneuja" {flame, rElec rN+
                  | Int-2 Stlth+}
 33055 | Vaults:4 | Reached XP level 23. HP: 186/197 MP: 0/0
 33055 | Vaults:4 | Learned a level 7 spell: Storm Form
 33079 | Vaults:4 | Identified the cursed +2 cloak of Curses and Power {Will+,
                  | Cun, Self} (You took it off Maurice on level 12 of the
                  | Dungeon)
 33079 | Vaults:4 | Identified the cursed +0 pair of gloves of Ashenzari's
                  | Mutualism {Fort, Self} (You found it on level 5 of the
                  | Dungeon)
 33079 | Vaults:4 | Identified the cursed +4 kite shield of the Cosmic Augur
                  | {rC+, Self, Cun} (You found it in an ice cave)
 33079 | Vaults:4 | Identified the cursed +4 troll leather armour of the
                  | Circumscribed Omen {Regen+, Self, Cun} (You found it on
                  | level 1 of the Orcish Mines)
 33164 | Vaults:4 | Noticed Jory
 33174 | Vaults:4 | Killed Jory
 33571 | Vaults:5 | Entered Level 5 of the Vaults
 33571 | Vaults:5 | Noticed a dread lich
 33606 | Vaults:5 | Identified Citusa's Atlas of Topology
 33619 | Vaults:5 | Reached skill level 21 in Dodging
 33728 | Vaults:5 | Identified the +0 war axe "Fiykutao" {spect, Str+6}
 33734 | Vaults:5 | Killed a dread lich
 34099 | Vaults:5 | Shot with a bolt by a yaktaur captain

Illustrated notes

Levels and vault maps discovered:
D:1:      saegor_arrival_simple_d, layout_rooms, chequers_serial_rivers_room_b
D:2:      cheibrodos_pilgrimage, layout_basic, basic_altar, st_stairs_9,
          nicolae_concentric_dashed_squares_mild
D:3:      layout_basic
D:4:      layout_loops_ring, nicolae_overflow_crystal_walls,
          nicolae_overflow_hidden_temple, st_stairs_4, minmay_bisected
D:5:      layout_basic
D:6:      layout_basic, minmay_temple_entry_mini_moons, minmay_ruffians
D:7:      layout_rooms, gammafunk_ghost_berserking_beasts, nrook_mini_backslash,
          roderic_batcave, corexii_mini_fake_secret_closet, uniq_menkaure,
          uniq_pikel
D:8:      layout_rooms, serial_bayou, serial_bayou_pond_e, serial_bayou_lake_a,
          serial_bayou_pond_c, serial_bayou_pond_d
D:9:      layout_roguey, vehumet_crystals, marbit_many_paths,
          david_lair_generic, supply_closet_lemuel, st_stairs_10
D:10:     layout_cave_pools, orc_0_dummy, kennysheep_generic_room_11
D:11:     cheibrodos_ideogram_h, layout_cave_pools, grunt_decor_junction,
          kennysheep_small_circle, uniq_grum
D:12:     layout_basic, nicolae_barding_shop, uniq_frances, uniq_maurice
D:13:     layout_basic, lemuel_nasty_fountain
D:14:     layout_cave_pools, david_vaults_4, infiniplex_staircase_zigzag_4,
          fountainhead
D:15:     gammafunk_depths_entry_grave, layout_irregular_city,
          grunt_dithmenos_smoke_and_mirrors
Temple:   dpeg_five_rooms_temple
Lair:1:   layout_hall_layers
Lair:2:   layout_gridlike, nicolae_swamp_entry_spooky,
          guppyfry_snake_entry_garden
Lair:3:   layout_loops_ring
Lair:4:   layout_cave_pods, slime_entry_1, uniq_rupert
Lair:5:   due_jungle_book, layout_loops_ring, chequers_serial_rivers_micro_b,
          lemuel_altar_in_water2, nicolae_quartered_pool_super, ldierk_geyser,
          serial_bayou_pond_e
Swamp:1:  layout_basic_swamp, infiniplex_staircase_pool_2, swamp_pool5,
          uniq_nikola
Swamp:2:  nicolae_swamp_phyte_club, layout_basic_swamp,
          evilmike_swamp_ruin_rubble_2, uniq_aizul
Swamp:3:  layout_basic_swamp, serial_swamp_ruin, evilmike_swamp_ruin_house_2,
          hangedman_swamp_ruin_wall, uniq_bai_suzhen
Swamp:4:  swamp_icy, layout_basic_swamp
Snake:1:  layout_basic, serial_shops, shop, portal_ice_cave_entry_ugly_swarm,
          guppyfry_snake_island, uniq_azrael
Snake:2:  layout_onion_interference, minmay_shop_grove, grunt_megastairs_2
Snake:3:  layout_misc_corridors, serial_shops, bzr_entry_gold, minmay_shoptagon,
          serial_bayou_shore_b
Snake:4:  hellmonk_snake_rune_quicksilver_temple, layout_chambers,
          serial_bayou_shore_b, nicolae_triple_integral, uniq_roxanne,
          uniq_vashnia, uniq_saint_roka
Orc:1:    layout_caves, nicolae_orc_tapped_out, uniq_snorg
Orc:2:    st_orc_open, layout_caves, serial_shops, nicolae_shop_statue_plus,
          basic_altar
Elf:1:    nicolae_elf_arrival_fired_up, layout_geoelf_octagon, serial_shops,
          nicolae_shop_waterfront, serial_sigils, serial_sigils_hangedman_leer,
          serial_sigils_hangedman_shear, serial_sigils_hangedman_writhe,
          serial_sigils_hangedman_shear, serial_sigils_hangedman_shear
Elf:2:    elven_hall_of_blades_hangedman_original
          [nicolae_blade_entry_area_security], layout_geoelf_diagonals,
          minmay_shop_grid_forest, uniq_donald
Elf:3:    elf_hall, layout_loops_cross
Vaults:1: ontoclasm_vaults_shout, v_alt_pattern_6, v_alt_pattern_1,
          v_alt_pattern_2, layout_vaults_quadrants
Vaults:2: minmay_crypt_entry_necro_gods, vaults_room_hallway,
          hangedman_vaults_impose, vaults_room_grunt_arrival_ludios,
          nicolae_vaults_minivaults, nicolae_vaults_little_squares_2,
          nicolae_vaults_three_branches, layout_vaults_omnibox, serial_shops,
          bzr_firewalk
Vaults:3: nicolae_vaults_little_ls, v_misc_2, nicolae_vaults_specimen_jars,
          hangedman_vaults_slice, v_misc_14, layout_vaults_big_room,
          serial_shops, bzr_entry_lakeside
Vaults:4: vaults_room_grunt_arrival_checkpoint, nicolae_vaults_know_your_exits,
          ontoclasm_vaults_pinch, hangedman_vaults_trim, vaults_dpeg_ring,
          nicolae_vaults_theta, nicolae_vaults_gold_heap,
          ontoclasm_vaults_gateway, ontoclasm_vaults_misaligned, v_misc_28,
          ontoclasm_vaults_hangar, v_misc_9, vaults_dpeg_encased_lava, v_misc_9,
          layout_vaults_ring, uniq_jory
Vaults:5: serial_shops

Skill      XL: |  1  2  3  4  5  6  7  8  9 10 11 12 13 14 15 16 17 18 19 20 21 22 23 |
---------------+----------------------------------------------------------------------+-----
Fighting       | 1 2 3 4 6 8 9 11 12 15 17 18 19 20 | 20.8
Spellcasting   | 4 5 6 7 8 9 10 11 12 13 14 | 14.8
Dodging        | 6 9 11 12 13 14 15 17 18 20 21 | 21.0
Shields        | 2 4 9 12 13 14 | 14.6
Evocations     | 1 6 7 8 11 13 | 13.7
Armour         | 7 8 12 | 12.6
Stealth        | |  1.5

Action                     |  1- 3 |  4- 6 |  7- 9 | 10-12 | 13-15 | 16-18 | 19-21 | 22-24 || total
---------------------------+-------+-------+-------+-------+-------+-------+-------+-------++-------
  Melee: Unarmed           |     8 |       |       |       |       |       |       |     2 ||    10
         Dagger            |     3 |       |       |       |       |       |       |       ||     3
         Whip              |       |     3 |     4 |       |       |       |       |       ||     7
         Long sword        |       |       |    13 |     7 |       |       |       |       ||    20
         Staff             |       |       |       |       |    18 |    17 |    37 |     5 ||    77
   Cast: Magic Dart        |    41 |     5 |     2 |     7 |       |       |       |       ||    55
         Searing Ray       |    14 |    10 |    18 |     3 |       |       |       |       ||    45
         Poisonous Vapours |       |    25 |    47 |     2 |     4 |     7 |       |       ||    85
         Necrotise         |       |    19 |     4 |       |       |       |       |       ||    23
         Dazzling Flash    |       |     1 |     1 |       |     1 |       |       |       ||     3
         Call Canine Famil |       |       |    18 |     2 |     3 |     4 |       |       ||    27
         Iskenderun's Myst |       |       |    14 |   108 |   236 |   298 |    91 |    17 ||   764
         Fulminant Prism   |       |       |     4 |     9 |     8 |     3 |     1 |       ||    25
         Freezing Cloud    |       |       |       |    39 |   142 |   119 |    51 |     8 ||   359
         Teleport Other    |       |       |       |     1 |       |       |       |       ||     1
         Lightning Bolt    |       |       |       |       |    53 |    74 |    14 |    21 ||   162
         Dispersal         |       |       |       |       |     4 |    14 |     5 |    16 ||    39
         Orb of Destructio |       |       |       |       |       |   149 |    51 |   104 ||   304
         Starburst         |       |       |       |       |       |       |   493 |   100 ||   593
         Enfeeble          |       |       |       |       |       |       |     6 |    13 ||    19
         Storm Form        |       |       |       |       |       |       |       |     2 ||     2
 Invoke: Curse Item        |       |       |     3 |     5 |     1 |     2 |     1 |       ||    12
         Shatter the Chain |       |       |       |     1 |     2 |     1 |     1 |       ||     5
Ability: End Transformatio |       |       |       |       |       |       |       |     2 ||     2
         Blinkbolt         |       |       |       |       |       |       |       |     2 ||     2
  Evoke: Wand              |       |       |       |     2 |     3 |     3 |     1 |     1 ||    10
         Piece from Xom's  |       |       |       |       |     1 |     3 |       |       ||     4
         Phantom mirror    |       |       |       |       |       |       |     1 |     1 ||     2
    Use: Scroll            |     1 |       |     1 |       |     4 |     5 |     1 |     6 ||    18
         Potion            |       |       |       |       |       |       |       |     6 ||     6
 Armour: Robe              |     4 |     5 |     5 |     9 |     7 |       |       |       ||    30
         Troll leather arm |       |       |       |       |    16 |    40 |    68 |    20 ||   144
  Dodge: Dodged            |    16 |    34 |    25 |    65 |   193 |   189 |   372 |   125 ||  1019
  Block: Buckler           |       |       |       |    18 |    58 |    26 |       |       ||   102
         Kite shield       |       |       |       |       |       |   103 |   392 |   115 ||   610

Table legend: (Time is in decaauts)
 A = Elapsed time spent in this place.
 B = Non-inter-level travel time spent in this place.
 C = Inter-level travel time spent in this place.
 D = Time resting spent in this place.
 E = Time spent auto-exploring this place.
 F = Levels seen in this place.
 G = Mean time per level.
                   A        B        C        D        E       F      G
               +--------+--------+--------+--------+--------+-----+--------+
         Total |  34178 |  29917 |   4261 |    729 |  20391 |  43 |  794.8 |
       Dungeon |  12118 |  10523 |   1595 |    407 |   7402 |  15 |  807.9 |
        Temple |    288 |    257 |     31 |      0 |    247 |   1 |  288.0 |
          Lair |   4550 |   3985 |    565 |     63 |   2969 |   5 |  910.0 |
         Swamp |   3834 |   3298 |    536 |      0 |   1963 |   4 |  958.5 |
     Snake Pit |   4391 |   3858 |    533 |      0 |   2648 |   4 | 1097.8 |
  Orcish Mines |   1388 |   1218 |    170 |      2 |    924 |   2 |  694.0 |
   Elven Halls |   2388 |   2178 |    210 |    130 |   1361 |   3 |  796.0 |
        Vaults |   4399 |   3781 |    618 |    127 |   2439 |   5 |  879.8 |
        Bazaar |    222 |    222 |      0 |      0 |    132 |   3 |   74.0 |
      Ice Cave |    597 |    597 |      0 |      0 |    306 |   1 |  597.0 |
               +--------+--------+--------+--------+--------+-----+--------+

Top non-repeatable levels by time:
 Swamp:4: 1630 daAuts
 Snake:4: 1500 daAuts
Vaults:4: 1380 daAuts
 Snake:1: 1228 daAuts
     D:5: 1205 daAuts
  Lair:5: 1182 daAuts
     D:2: 1102 daAuts
Vaults:1: 1084 daAuts
  Lair:2: 1077 daAuts
     D:9: 1024 daAuts
    D:12: 958 daAuts
    D:13: 954 daAuts
    D:14: 951 daAuts
 Snake:3: 933 daAuts
  Lair:4: 926 daAuts
